 Dungeon Crawl Stone Soup version 0.29.1-12-g30fa7ad0bf (webtiles) character file.

Game seed: 17553515336068801755

22 hawla the Chiller (level 3, -2/24 HPs)
             Began as a Formicid Ice Elementalist on Dec 31, 2022.
             Slain by Grinder (4 damage)
             ... on level 3 of the Dungeon.
             The game lasted 00:03:32 (926 turns).

hawla the Chiller (Formicid Ice Elementalist)        Turns: 926, Time: 00:03:33

Health: -2/24      AC:  2    Str: 12    XL:     3   Next: 7%
Magic:  7/7        EV: 12    Int: 16    God:
Gold:   29         SH:  0    Dex: 14    Spells: 3/7 levels left

rFire   . . .      SeeInvis +   (no weapon)
rCold   . . .      Faith    .   (no shield)
rNeg    . . .      Spirit   .   a - +0 robe
rPois   .          Reflect  .   (helmet unavailable)
rElec   .          Harm     .   (no cloak)
rCorr   .          Rampage  .   (no gloves)
Will    .....                   (no boots)
Stlth   ++........              (no amulet)
HPRegen 0.08/turn               (no ring)
MPRegen 0.10/turn               (no ring)

@: mighty
A: permanent stasis, dig shafts and tunnels, antennae 3, four strong arms
a: Dig, Shaft Self


You were on level 3 of the Dungeon.
You visited 1 branch of the dungeon, and saw 4 of its levels.

You collected 29 gold pieces.

Inventory:

Armour
 a - a +0 robe (worn)
Scrolls
 c - a scroll of teleportation {unknown}
 d - a scroll of identify {unknown}
 e - 2 scrolls of fog {unknown}
 g - a scroll of poison {unknown}


   Skills:
 + Level 1.7 Dodging
 - Level 2.4 Stealth
 + Level 2.9 Spellcasting
 + Level 4.4 Ice Magic


You had 3 spell levels left.
You knew the following spells:

 Your Spells              Type           Power      Damage    Failure   Level
a - Freeze                Ice            64%        1d8       3%          1
b - Frozen Ramparts       Ice            32%        1d5       10%         3

Your spell library contained the following spells:

 Spells                   Type           Power      Damage    Failure   Level
 Ozocubu's Armour         Ice            16%        N/A       10%         3
 Hailstorm                Conj/Ice       9%         3d4       58%         4


Dungeon Overview and Level Annotations

Branches:
Dungeon (4/15)
 Temple: D:4-7

Altars:
Yredelemnul

Annotations:
D:3 Grinder


Innate Abilities, Weirdness & Mutations

You cannot be hasted, slowed, berserked, paralysed or teleported.
You can dig through walls and to a lower floor.
You have a pair of large antennae on your head. (SInv)
Your four strong arms can wield two-handed weapons with a shield.


Message History

Pain shoots through your body!
Ouch! That really hurt!
The wall freezes Grinder but does no damage.
The wall freezes Grinder but does no damage.
Casting: Frozen Ramparts (quite dangerous; 10% risk of failure)
Confirm with . or Enter, or press ? or * to list all spells.
Aiming: Freeze (safe; 3% risk of failure)
Press: ? - help, Shift-Dir - straight line, f - Grinder
Aim: Grinder You freeze Grinder.
Grinder resists.
Grinder is lightly wounded.
Grinder completely resists.
The wall freezes Grinder but does no damage.
Grinder gestures at you.
Your stasis prevents you from being paralysed.
Casting: Freeze (safe; 3% risk of failure)
Confirm with . or Enter, or press ? or * to list all spells.
Aiming: Freeze (safe; 3% risk of failure)
Press: ? - help, Shift-Dir - straight line, f/p - Grinder
Aim: Grinder (lightly wounded)
You freeze Grinder.
Grinder resists.
Grinder is lightly wounded.
Grinder resists.
The wall freezes Grinder.
Grinder barely misses you.
Casting: Freeze (safe; 3% risk of failure)
Confirm with . or Enter, or press ? or * to list all spells.
Aiming: Freeze (safe; 3% risk of failure)
Press: ? - help, Shift-Dir - straight line, f/p - Grinder
Aim: Grinder (lightly wounded)
You freeze Grinder.
Grinder resists.
Grinder is lightly wounded.
The wall freezes the endoplasm.
You kill the endoplasm!
The wall freezes Grinder but does no damage.
Grinder barely misses you.
It was a potion of might.
You feel very mighty all of a sudden.
The frozen ramparts melt away.
Grinder hits you!
* * * LOW HITPOINT WARNING * * *
Magic courses through your body. Grinder hits you.
You die...

.#
##.#.>.###...#..######.#
##
#.........###..........
#.....................#
#.........###.#.#####.#
###...####....#.# ##.##
#.####.# ### #.#
#.#####. #.####.......
#..@5[...?...
#..#########. #..##
########## ##...#
...)...... ##.#.##
############.#.##
##.#.## ##.#.## ##.#.##


You could see Grinder.

Vanquished Creatures
  A dart slug (D:2)
  2 orcs (D:3)
  4 endoplasms (D:3)
  A giant cockroach (D:3)
  A hobgoblin (D:3)
  2 kobolds
  2 ball pythons
  A bat (D:3)
  A frilled lizard (D:3)
  2 rats (D:3)
17 creatures vanquished.

Notes
Turn   | Place    | Note
-------+----------+-------------------------------------------
     0 | D:1      | hawla the Formicid Ice Elementalist began the quest for the
                  | Orb.
     0 | D:1      | Reached XP level 1. HP: 13/13 MP: 3/3
   322 | D:3      | Reached XP level 2. HP: 19/19 MP: 1/5
   633 | D:3      | Found a basalt altar of Yredelemnul.
   833 | D:3      | Noticed Grinder
   860 | D:3      | Reached XP level 3. HP: 23/24 MP: 4/7
   864 | D:3      | Learned a level 3 spell: Frozen Ramparts
   926 | D:3      | Slain by Grinder

Illustrated notes

Levels and vault maps discovered:
D:1:      dpeg_arrival_rooms_c, layout_loops_corners,
          hellmonk_ecumenical_altar_lost_god
D:2:      layout_rooms, basic_altar, serial_glass, glass_columns_b,
          glass_columns_b, minmay_liquid_box
D:3:      minmay_inner_zag, layout_loops_ring, yredelemnul_altar_generic,
          minmay_misc_feat_plants, uniq_grinder
D:4:      minmay_polygon_palace, layout_basic, uniq_ijyb, uniq_robin,
          uniq_menkaure

Action                   || total
-------------------------++-------
Melee: Unarmed           ||    19
       Punch             ||     1
 Cast: Freeze            ||    29
       Frozen Ramparts   ||     1
  Use: Potion            ||     2
 Stab: Sleeping          ||     1
Armor: Robe              ||     6
Dodge: Dodged            ||    24
